 Dungeon Crawl Stone Soup version 0.30.1-4-g462c640d31 (webtiles) character file.

Game seed: 127685076101069640

180 croobank the Covered (level 5, -1/48 HPs)
             Began as an Armataur Chaos Knight on Aug 25, 2023.
             Was a Plaything of Xom.
             Slain by an adder (3 damage)
             ... on level 4 of the Dungeon.
             The game lasted 00:04:57 (2619 turns).

croobank the Covered (Armataur Chaos Knight)        Turns: 2619, Time: 00:04:58

Health: -1/48      AC:  4    Str: 17    XL:     5   Next: 33%
Magic:  5/5        EV:  9    Int: 12    God:    Xom [..*...]
Gold:   92         SH:  0    Dex: 12    Spells: 4/4 levels left

rFire   . . .        a - +1 short sword (chaos)
rCold   . . .        (no shield)
rNeg    . . .        b - +2 leather armour
rPois   .            (no helmet)
rElec   .            g - +0 cloak {Stlth+}
rCorr   .            (no gloves)
SInv    .            (no barding)
Will    .....        (no amulet)
Stlth   ++           (no ring)
HPRegen 0.28/turn    (no ring)
MPRegen 0.09/turn

%: roll
@: lethally poisoned (-1 -> -1), corroded
A: large, rugged brown scales 3, deformed body, armoured tail, roll, long
tongue, awkward tongue
a: Renounce Religion


You were on level 4 of the Dungeon.
You worshipped Xom.
You were a toy of Xom.
You visited 1 branch of the dungeon, and saw 4 of its levels.

You collected 92 gold pieces.

Inventory:

Hand Weapons
 a - a +1 short sword of chaos (weapon)
 h - a +0 war axe
Armour
 b - a +2 leather armour (worn)
 g - a +0 cloak of stealth (worn)
Scrolls
 f - 2 scrolls of teleportation
Potions
 d - 3 potions of curing
 e - a potion of mutation
 i - a potion of brilliance {unknown}
 j - a potion of berserk rage {unknown}
 k - a potion of invisibility {unknown}
 m - a potion of flight {unknown}
Miscellaneous
 c - a piece from Xom's chessboard (15/15) (quivered)


   Skills:
 + Level 3.6 Fighting
 + Level 3.5 Short Blades
 + Level 4.0 Armour
 + Level 2.0 Dodging


You had 4 spell levels left.
You didn't know any spells.
Your spell library contained the following spells:

 Spells                   Type           Power      Damage    Failure   Level
 Ensorcelled Hibernation  Hex/Ice        0%         N/A       52%         2
 Passwall                 Tmut/Erth      0%         N/A       52%         2
 Swiftness                Air            0%         N/A       75%         3


Dungeon Overview and Level Annotations

Branches:
Dungeon (4/15)
 Temple: D:4-7

Altars:

Shops:
D:3 (


Innate Abilities, Weirdness & Mutations

You are completely covered in rugged brown scales. (AC +3, +7% HP)
Armour fits poorly on your strangely shaped body.
You have a long armoured tail.
You roll when moving toward enemies. (Rampage)
Your long tongue fully drains potion bottles. (2x potion effects)
Your tongue gives you trouble enunciating. (1.5x scroll delay)


Message History

You miss the adder. The adder bites you but does no damage.
The kobold hits you but does no damage. The jackal closely misses you.
The jackal barely misses you.
You hit the jelly.
The jelly goes berserk!
The acid corrodes you!
Your hands burn!
You tail-slap the jelly!
The jelly is heavily wounded.
The adder bites you.
You are poisoned.
The adder poisons you! The jelly hits you but does no damage.
The jackal closely misses you. The kobold hits you but does no damage.
The jackal bites you but does no damage.
You hit the jelly but do no damage.
Your hands burn!
The jelly is heavily wounded.
You feel sick. The adder barely misses you. The jelly hits you.
You are splashed with acid.
The jackal closely misses you.
The jackal bites you but does no damage.
The kobold hits you but does no damage.
You hit the jelly.
Your hands burn!
The jelly is severely wounded.
You feel sick. The jelly hits you. The acid corrodes you!
You are splashed with acid.
The adder bites you. The jackal bites you. x2
* * * LOW HITPOINT WARNING * * *
The jelly hits you but does no damage. The adder bites you.
* * * LOW HITPOINT WARNING * * *
As you slowly read the scroll labelled XOAKKIN KAFE, it crumbles to dust.
It is a scroll of enchant weapon.
Your +0 short sword of chaos glows red for a moment.
You feel sick. The jackal bites you.
* * * LOW HITPOINT WARNING * * *
The jackal barely misses you.
The kobold hits you with a +0 short sword.
* * * LOW HITPOINT WARNING * * *
The jelly closely misses you. The adder bites you but does no damage.
The jackal bites you but does no damage.
The jackal barely misses you.
The kobold hits you with a +0 short sword.
* * * LOW HITPOINT WARNING * * *
The jelly hits you but does no damage. The adder bites you.
You die...
Xom cackles wildly!

# ##### . ...!..# #.
$..#.# #.# ##
####.##..#.# #.. .##
.........#.# #.####...
......K....#####..<##...
#....Bh@.........#.#....
......hSJ..#..#.##......
........................
........#..#.##.#......<
#..................#....
........................
#.........#..##..###...#
##...##..#.......# #...#
.... ###.#.####.# #...#


You could see a jelly (berserk), an adder, 2 jackals, a giant cockroach and a
kobold.

Vanquished Creatures
  Jessica (D:3)
  Terence (D:3)
  5 adders
  2 worms (D:2)
  4 dart slugs
  An orc (D:3)
  8 bats
  8 endoplasms
  6 goblins
  3 hobgoblins
  7 jackals
  5 quokkas
  5 ball pythons
  2 frilled lizards
  5 kobolds
  8 rats
71 creatures vanquished.

Notes
Turn   | Place    | Note
-------+----------+-------------------------------------------
     0 | D:1      | croobank the Armataur Chaos Knight began the quest for the
                  | Orb.
     0 | D:1      | Reached XP level 1. HP: 19/19 MP: 1/1
    93 | D:1      | You fall into a shaft and drop 1 floor!
   109 | D:2      | XOM: potion effect (heal wounds)
   127 | D:2      | Reached skill level 1 in Dodging
   127 | D:2      | Reached XP level 2. HP: 21/26 MP: 2/2
   222 | D:2      | XOM: divination: detect creatures
   265 | D:2      | XOM: divination: detect items
   275 | D:2      | Reached skill level 3 in Armour
   275 | D:2      | Reached XP level 3. HP: 33/33 MP: 3/3
   336 | D:2      | XOM: silly message
   459 | D:2      | XOM: potion effect (might)
   474 | D:2      | Reached XP level 4. HP: 40/40 MP: 4/4
   500 | D:2      | XOM: noise
   996 | D:1      | XOM: divination: magic mapping
  1017 | D:1      | XOM: 2-stop teleportation journey
  1978 | D:3      | Noticed Jessica
  1984 | D:3      | Killed Jessica
  2086 | D:3      | Reached XP level 5. HP: 44/48 MP: 5/5
  2143 | D:3      | Found a faded altar of an unknown god.
  2394 | D:3      | Noticed Terence
  2403 | D:3      | Killed Terence
  2472 | D:3      | Found Ycwuikh's Antique Weapon Shop.
  2598 | D:4      | Reached skill level 4 in Armour
  2619 | D:4      | HP: 2/48 [kobold/+0 short sword (1)]
  2619 | D:4      | Slain by an adder

Illustrated notes

Levels and vault maps discovered:
D:1:      dpeg_arrival_signposts, layout_basic, serial_glass, glass_columns_a,
          glass_columns_a, glass_columns_c, glass_columns_c, glass_columns_a,
          glass_columns_b, columned_hall_lemuel
D:2:      minmay_recursive_quarters, layout_loops_ring, grunt_ministairs_6
D:3:      layout_basic, shapermc_ecumenical_altar_flowoftime, serial_shops,
          nicolae_lakefront_shop, uniq_terence, uniq_jessica
D:4:      layout_loops_ring, general_overflow_altar, lightli_temple_of_fire,
          mainiacjoe_overflow_boulevard, uniq_sigmund

Skill      XL: |  1  2  3  4  5 |
---------------+----------------+-----
Dodging        | 1 2 |  2.0
Short Blades   | 3 |  3.5
Fighting       | 3 |  3.6
Armour         | 3 4 |  4.0

Action                     |  1- 3 |  4- 6 || total
---------------------------+-------+-------++-------
  Melee: Short sword       |   108 |   122 ||   230
         Tailslap          |     7 |    14 ||    21
         Punch             |       |     3 ||     3
    Use: Scroll            |       |     5 ||     5
   Stab: Petrifying        |     1 |       ||     1
         Sleeping          |       |     3 ||     3
 Armour: Leather armour    |    77 |    60 ||   137
  Dodge: Dodged            |    52 |    51 ||   103
